 Dungeon Crawl Stone Soup version 0.31-a0-771-g505c3d19dc (console) character file.

Game seed: 7155250441461520070

97669 jejorda2 the Cleaver (level 16, -6/129 HPs)
             Began as a Gnoll Berserker on Sept 16, 2023.
             Was a High Priest of Trog.
             Mangled by a caustic shrike simulacrum (19 damage)
             ... in an ice cave.
             The game lasted 01:11:41 (21829 turns).

jejorda2 the Cleaver (Gnoll Berserker)             Turns: 21829, Time: 01:11:42

Health: -6/129     AC: 25    Str: 26    XL:     16   Next: 20%
Magic:  30/30      EV: 18    Int:  8    God:    Trog [*****.]
Gold:   2174       SH: 21    Dex: 12    Spells: 36/36 levels left

rFire   + . .        a - +9 broad axe (flame)
rCold   + . .        x - +5 Storm Queen's Shield {shock, Fly rElec}
rNeg    . . .        E - +2 chain mail {rC+}
rPois   .            c - +2 helmet
rElec   +            L - +1 cloak
rCorr   .            y - +2 pair of gloves {Str+3}
SInv    .            o - +0 pair of boots
Will    +....        i - amulet of reflection
Stlth   ++           u - ring of protection from fire
HPRegen 0.41/turn    K - +5 ring of evasion
MPRegen 0.22/turn

%: reflection
@: on berserk cooldown, flying, slowed, very slow
A: fangs 1, strong nose, distributed training
a: Renounce Religion, Berserk, Trog's Hand, Brothers in Arms


You were in an ice cave.
You worshipped Trog.
Trog was extremely pleased with you.
You visited 2 branches of the dungeon, and saw 20 of its levels.
You also visited: Sewer, Ice Cave and Volcano.

You collected 2726 gold pieces.
You spent 552 gold pieces at shops.

Inventory:

Hand Weapons
 a - a +9 broad axe of flaming (weapon)
 t - the +9 whip "Ugoir" {freeze, *Slow rCorr Str+5 SInv}
   (You bought it in a shop on level 5 of the Dungeon)

   Str+5:     It affects your strength (+5).
   SInv:      It lets you see invisible.
   rCorr:     It protects you from acid and corrosion.
   *Slow:     It may slow you when you take damage.
Missiles
 n - 2 curare-tipped darts
 B - 8 poisoned darts
 D - 2 atropa-tipped darts
 N - 11 boomerangs (quivered)
Armour
 c - a +2 helmet (worn)
 o - a +0 pair of boots (worn)
 x - the +5 Storm Queen's Shield (worn) {shock, Fly rElec}
   (You acquired it on level 5 of the Dungeon)

   Shock:     When it blocks an attack, it may electrocute the attacker.
   This works even against foes who are a short distance away.
   rElec:     It insulates you from electricity.
   Fly:       It grants you flight.
 y - a +2 pair of gloves of strength (worn)
 E - a +2 chain mail of cold resistance (worn)
 L - a +1 cloak (worn)
Jewellery
 i - an amulet of reflection (around neck)
 p - a ring of resist corrosion
 u - a ring of protection from fire (left hand)
 A - a ring of willpower
 K - a +5 ring of evasion (right hand)
Wands
 q - a wand of roots (44)
 s - a wand of mindburst (11)
 F - a wand of light (6)
 H - a wand of flame (10)
 M - a wand of polymorph (5)
 P - a wand of paralysis (13)
Scrolls
 b - a scroll of torment
 l - a scroll of immolation
 r - 6 scrolls of identify
 w - a scroll of poison
 z - 2 scrolls of fog
 C - 7 scrolls of teleportation
 S - 2 scrolls of fear
Potions
 d - a potion of magic
 e - 9 potions of ambrosia
 f - 2 potions of mutation
 g - 4 potions of invisibility
 h - a potion of cancellation
 j - 8 potions of heal wounds
 k - a potion of lignification
 m - 7 potions of curing
 v - 6 potions of haste
 G - 4 potions of resistance
 I - 3 potions of enlightenment
 J - 2 potions of might
 R - 3 potions of attraction
Miscellaneous
 O - a sack of spiders
 T - a lightning rod (4/4)


   Skills:
 + Level 12.6 Fighting
 + Level 10.9 Short Blades
 + Level 10.9 Long Blades
 + Level 12.6 Axes
 + Level 10.9 Maces & Flails
 + Level 10.9 Polearms
 + Level 10.9 Staves
 + Level 10.9 Ranged Weapons
 + Level 10.9 Throwing
 + Level 11.8 Armour
 + Level 11.8 Dodging
 + Level 10.9 Stealth
 + Level 10.9 Shields
 + Level 10.9 Unarmed Combat
 + Level 10.9 Spellcasting
 + Level 9.2 Conjurations
 + Level 9.2 Hexes
 + Level 9.2 Summonings
 + Level 9.2 Necromancy
 + Level 9.2 Translocations
 + Level 9.2 Transmutations
 + Level 9.2 Fire Magic
 + Level 9.2 Ice Magic
 + Level 9.2 Air Magic
 + Level 9.2 Earth Magic
 + Level 9.2 Poison Magic
 + Level 11.8 Invocations
 + Level 10.9 Evocations
 + Level 10.0 Shapeshifting


You had 36 spell levels left.
You didn't know any spells.
Your spell library was empty.

Dungeon Overview and Level Annotations

Branches:
Dungeon (15/15)            Temple (0/1) D:4            Lair (5/5) D:10
  Swamp (0/4) Lair:3       Spider (0/4) Lair:2        Slime (0/5) Lair:5
    Orc (0/2) D:12         Vaults (0/5) D:13         Depths (0/4) D:15
  Sewer (visited)           IceCv (1/1)             Volcano (visited)

Altars:
Cheibriados
Fedhas
Nemelex Xobeh
Trog
Wu Jian
Xom

Shops:
D:2 =[?   D:5 *   D:8 :   D:10 *

Annotations:
Lair:5 1 runed translucent door


Innate Abilities, Weirdness & Mutations

You have very sharp teeth.
Your uncanny sense of smell can sniff out nearby items.
Your experience applies equally to all skills.


Message History

You slice the caustic shrike simulacrum!!
You melt the caustic shrike simulacrum.
The caustic shrike simulacrum vaporises!
Trog accepts your kill.
You now have 2150 gold pieces (gained 22).
You start resting.
You feel a strong urge to attack something.
You start resting.
You feel your anger nearly subside.
You are no longer berserk.
You are exhausted.
You feel yourself slow down.
You now have 2174 gold pieces (gained 24).
You start resting.
A caustic shrike simulacrum comes into view.
The caustic shrike simulacrum moves out of view.
You start resting.
A caustic shrike simulacrum is nearby!
You are too injured to fight recklessly!
Aiming: Throw Flame
Press: ? - help, Shift-Dir - straight line, f - caustic shrike simulacrum
Aim: a caustic shrike simulacrum (wandering, hasn't noticed you, 69% to hit)
The puff of flame hits the caustic shrike simulacrum.
The caustic shrike simulacrum melts!
The caustic shrike simulacrum is lightly damaged.
Aiming: Throw Flame
Press: ? - help, Shift-Dir - straight line, f/p - caustic shrike simulacrum
Aim: a caustic shrike simulacrum (lightly damaged, 69% to hit)
The puff of flame misses the caustic shrike simulacrum.
You hit the caustic shrike simulacrum.
You melt the caustic shrike simulacrum.
The caustic shrike simulacrum is moderately damaged.
The caustic shrike simulacrum claws you.
The caustic shrike simulacrum freezes you!!
You resist.
* * * LOW HITPOINT WARNING * * *
The caustic shrike simulacrum claws you!!
* * * LOW HITPOINT WARNING * * *
The caustic shrike simulacrum freezes you!!
You resist.
You die...

## ###.####.. ###..
##....#.... ###....
#..☼.☼..##. ##.....#
##§☼☼..####
#......######.§§....#
........#$$###☼°°..##
#.......$$$[#.#.#.#
#.Z.$$$..)######
#.@...[:)##
##########


You could see a caustic shrike simulacrum.

Vanquished Creatures
  A very ugly thing (D:15)
  The ghost of Ylounoac the Severer, a journeyman MiBe of Trog (D:14)
  A blizzard demon (IceCv)
  The ghost of ShinQuickMan the Eclecticist, a journeyman DECj of Gozag (Lair:4)
  A fire dragon (Volcano)
  2 caustic shrike simulacra (IceCv)
  A vault guard (D:13)
  4 hydras
  7 centaur warriors
  3 boulder beetles
  11 two-headed ogres
  2 tengu warriors (D:13)
  2 skysharks
  15 skeletal warriors
  3 spriggan simulacra (IceCv)
  A harpy (shapeshifter) (D:11)
  3 bog bodies (Lair:3)
  The ghost of Sundig the Trooper, a novice HuFi (D:5)
  2 deep elf pyromancers (D:13)
  3 salamanders (Volcano)
  5 manticores
  The ghost of LobsterGuardian the Covert, a novice OpBr of Wu Jian (D:5)
  3 cyclopes
  13 ugly things
  7 elephants
  3 black mambas
  A gargoyle (D:12)
  3 torpor snails
  13 cane toads
  A kobold demonologist (D:13)
  Maggie (Lair:1)
  13 komodo dragons
  4 rime drakes
  A freezing wraith (IceCv)
  An efreet (D:13)
  A queen bee (D:10)
  6 polar bears (Lair:5)
  10 ice devils (IceCv)
  A meliai (shapeshifter) (D:15)
  3 trolls
  The ghost of soul19 the Insei, an amateur GnSh (D:5)
  An alligator simulacrum (IceCv)
  10 hornets
  3 blink frogs (Lair:4)
  16 dream sheep (Lair:5)
  8 wyverns
  2 shadows
  49 yaks
  A dire elephant simulacrum (IceCv)
  8 fire bats (Volcano)
  15 spriggans (Lair:5)
  A wraith (D:10)
  6 basilisks
  5 vampire mosquitoes
  7 steam dragons
  7 minotaur simulacra (IceCv)
  2 harpy simulacra (IceCv)
  A hydra simulacrum (IceCv)
  10 water moccasins
  A swamp worm (Lair:3)
  An acid dragon (D:14)
  5 orc warriors
  2 ettin simulacra (IceCv)
  2 ice beasts
  A sky beast (D:7)
  3 boggarts (Lair:5)
  6 black bears
  An ogre (Volcano)
  38 wolves
  13 centaurs
  3 phantoms
  4 kobold brigands
  10 bullfrogs
  7 deep troll simulacra (IceCv)
  2 gnoll sergeants
  12 scorpions
  30 killer bees
  A lindwurm simulacrum (IceCv)
  2 vampire bats (Lair:5)
  9 howler monkeys
  2 electric eels
  A hound (D:4)
  2 gnoll boudas (D:7)
  8 orc priests
  2 jellies
  Ijyb (D:3)
  6 iguanas
  A sleepcap (D:8)
  Natasha (thrice) (D:4)
  16 orc wizards
  A mummy (D:4)
  15 gnolls
  2 river rats (Sewer)
  11 adders
  4 white imps
  An ufetubus (D:6)
  3 worms
  2 dart slugs
  64 orcs
  8 bats
  6 endoplasms
  5 giant cockroaches
  5 goblins
  10 hobgoblins
  8 jackals
  3 quokkas
  7 ball pythons
  8 frilled lizards
  16 kobolds
  3 rats (Sewer)
686 creatures vanquished.

Vanquished Creatures (others)
  A blizzard demon (IceCv)
1 creature vanquished.

Grand Total: 687 creatures vanquished

Notes
Turn   | Place    | Note
-------+----------+-------------------------------------------
     0 | D:1      | jejorda2 the Gnoll Berserker began the quest for the Orb.
     0 | D:1      | Reached XP level 1. HP: 23/23 MP: 1/1
   146 | D:1      | Reached XP level 2. HP: 23/29 MP: 2/2
   772 | D:2      | Reached XP level 3. HP: 35/35 MP: 3/3
   838 | D:2      | Reached ** piety under Trog
   839 | D:2      | Reached skill level 1 in Invocations
   877 | D:2      | Found Licy's Armour Boutique.
   892 | D:2      | Found Leocw's Jewellery Shoppe.
  1191 | D:2      | Reached skill level 1 in Short Blades
  1191 | D:2      | Reached skill level 1 in Long Blades
  1191 | D:2      | Reached skill level 1 in Maces & Flails
  1191 | D:2      | Reached skill level 1 in Polearms
  1191 | D:2      | Reached skill level 1 in Staves
  1191 | D:2      | Reached skill level 1 in Ranged Weapons
  1191 | D:2      | Reached skill level 1 in Throwing
  1191 | D:2      | Reached skill level 1 in Stealth
  1191 | D:2      | Reached skill level 1 in Shields
  1191 | D:2      | Reached skill level 1 in Unarmed Combat
  1191 | D:2      | Reached skill level 1 in Spellcasting
  1191 | D:2      | Reached skill level 1 in Evocations
  1216 | D:2      | Found Famal's Magic Scroll Shop.
  1449 | D:3      | Found a faded altar of an unknown god.
  1583 | D:3      | Reached XP level 4. HP: 41/41 MP: 5/5
  1607 | D:3      | Reached skill level 1 in Shapeshifting
  1930 | D:3      | Found a glowing drain.
  1958 | Sewer    | Entered a sewer
  2015 | Sewer    | Reached skill level 1 in Conjurations
  2015 | Sewer    | Reached skill level 1 in Hexes
  2015 | Sewer    | Reached skill level 1 in Summonings
  2015 | Sewer    | Reached skill level 1 in Necromancy
  2015 | Sewer    | Reached skill level 1 in Translocations
  2015 | Sewer    | Reached skill level 1 in Transmutations
  2015 | Sewer    | Reached skill level 1 in Fire Magic
  2015 | Sewer    | Reached skill level 1 in Ice Magic
  2015 | Sewer    | Reached skill level 1 in Air Magic
  2015 | Sewer    | Reached skill level 1 in Earth Magic
  2015 | Sewer    | Reached skill level 1 in Poison Magic
  2044 | Sewer    | Reached XP level 5. HP: 47/47 MP: 6/6
  2675 | Sewer    | Noticed a kobold brigand
  2684 | Sewer    | Killed a kobold brigand
  3163 | D:3      | You fall into a shaft and drop 3 floors!
  3202 | D:6      | Noticed a steam dragon
  3202 | D:6      | Noticed a phantom
  3213 | D:6      | Killed a steam dragon
  3214 | D:6      | Reached skill level 5 in Armour
  3214 | D:6      | Reached skill level 5 in Dodging
  3214 | D:6      | Reached XP level 6. HP: 46/53 MP: 7/9
  3232 | D:6      | Reached XP level 7. HP: 39/60 MP: 8/10
  3293 | D:6      | Noticed a troll
  3308 | D:6      | Killed a troll
  3386 | D:5      | Entered Level 5 of the Dungeon
  3485 | D:5      | Reached XP level 8. HP: 67/67 MP: 12/12
  3699 | D:4      | Found a staircase to the Ecumenical Temple.
  3761 | D:4      | Noticed Natasha
  3769 | D:4      | Killed Natasha
  3885 | D:4      | Found a snail-covered altar of Cheibriados.
  4069 | D:3      | Reached *** piety under Trog
  4147 | D:3      | Noticed Ijyb
  4150 | D:3      | Found a shimmering altar of Xom.
  4163 | D:3      | Killed Ijyb
  4441 | D:4      | Noticed Natasha
  4450 | D:4      | Killed Natasha
  4504 | D:4      | Noticed Natasha
  4512 | D:4      | Killed Natasha
  4593 | D:4      | Found a sparkling altar of Nemelex Xobeh.
  5357 | D:5      | Found a runed translucent gate.
  5357 | D:5      | Found a runed translucent gate.
  5360 | D:5      | Noticed soul19's ghost (amateur GnSh)
  5361 | D:5      | Found a runed translucent gate.
  5361 | D:5      | Noticed Sundig's ghost (novice HuFi)
  5361 | D:5      | Noticed LobsterGuardian's ghost (novice OpBr)
  5499 | D:5      | Found Vuyvif's Assorted Antiques.
  5587 | D:5      | Reached XP level 9. HP: 71/73 MP: 14/14
  6180 | D:5      | Bought a scroll labelled XOUSEP NERIEBREO for 21 gold
                  | pieces
  6180 | D:5      | Acquired the +5 Storm Queen's Shield {shock, Fly rElec}
  6180 | D:5      | Found the +5 Storm Queen's Shield {shock, Fly rElec}
  6327 | D:2      | Bought a +2 pair of gloves of strength for 236 gold pieces
  6594 | D:5      | Killed soul19's ghost
  6595 | D:5      | Killed Sundig's ghost
  6597 | D:5      | Killed LobsterGuardian's ghost
  6598 | D:5      | Reached skill level 5 in Invocations
  7343 | D:7      | Reached XP level 10. HP: 54/80 MP: 17/17
  7506 | D:7      | Reached skill level 5 in Short Blades
  7506 | D:7      | Reached skill level 5 in Long Blades
  7506 | D:7      | Reached skill level 5 in Maces & Flails
  7506 | D:7      | Reached skill level 5 in Polearms
  7506 | D:7      | Reached skill level 5 in Staves
  7506 | D:7      | Reached skill level 5 in Ranged Weapons
  7506 | D:7      | Reached skill level 5 in Throwing
  7506 | D:7      | Reached skill level 5 in Stealth
  7506 | D:7      | Reached skill level 5 in Shields
  7506 | D:7      | Reached skill level 5 in Unarmed Combat
  7506 | D:7      | Reached skill level 5 in Spellcasting
  7506 | D:7      | Reached skill level 5 in Evocations
  7618 | D:7      | Found an ornate altar of the Wu Jian Council.
  7646 | D:7      | Identified the +4 falchion of the Ancient Lies {flame,
                  | rElec rN++ Will+ Int-3}
  7869 | D:7      | Reached **** piety under Trog
  8113 | D:8      | Found Laylesuch's Book Shoppe.
  8451 | D:9      | Noticed a seven-headed hydra
  8513 | D:9      | Found a bloodstained altar of Trog.
  8784 | D:9      | Noticed a boulder beetle
  8792 | D:9      | Killed a boulder beetle
  8793 | D:9      | Reached skill level 5 in Shapeshifting
  8892 | D:9      | Noticed a two-headed ogre
  8892 | D:9      | Noticed a two-headed ogre
  8895 | D:9      | Killed a two-headed ogre
  8895 | D:9      | Killed a two-headed ogre
  8896 | D:9      | Reached skill level 5 in Conjurations
  8896 | D:9      | Reached skill level 5 in Hexes
  8896 | D:9      | Reached skill level 5 in Summonings
  8896 | D:9      | Reached skill level 5 in Necromancy
  8896 | D:9      | Reached skill level 5 in Translocations
  8896 | D:9      | Reached skill level 5 in Transmutations
  8896 | D:9      | Reached skill level 5 in Fire Magic
  8896 | D:9      | Reached skill level 5 in Ice Magic
  8896 | D:9      | Reached skill level 5 in Air Magic
  8896 | D:9      | Reached skill level 5 in Earth Magic
  8896 | D:9      | Reached skill level 5 in Poison Magic
  8896 | D:9      | Reached XP level 11. HP: 89/89 MP: 18/20
  8978 | D:9      | Killed a four-headed hydra
  9792 | D:10     | Entered Level 10 of the Dungeon
  9798 | D:10     | Found Heul's Neck Hole.
  9812 | D:10     | Bought a +1 cloak for 138 gold pieces
  9895 | D:10     | Paralysed by a hornet for 2 turns
 10078 | D:10     | Reached ***** piety under Trog
 10160 | D:10     | Found a staircase to the Lair.
 10725 | D:10     | Found a blossoming altar of Fedhas.
 10981 | D:5      | Bought an ancient whip for 157 gold pieces
 10981 | D:5      | Identified the +9 whip "Ugoir" {freeze, *Slow rCorr Str+5
                  | SInv} (You bought it in a shop on level 5 of the Dungeon)
 11178 | D:11     | a blink frog changed into a harpy
 11178 | D:11     | Noticed a harpy (shapeshifter)
 11179 | D:11     | Killed a harpy
 11180 | D:11     | Reached XP level 12. HP: 96/96 MP: 22/22
 11522 | D:11     | Noticed a two-headed ogre
 11527 | D:11     | Killed a two-headed ogre
 11641 | D:11     | Noticed a two-headed ogre
 11653 | D:11     | Killed a two-headed ogre
 11938 | D:12     | Reached skill level 10 in Fighting
 11938 | D:12     | Reached skill level 10 in Axes
 12207 | D:12     | Found a staircase to the Orcish Mines.
 12232 | D:12     | Received a gift from Trog
 12881 | Lair:1   | Entered Level 1 of the Lair of Beasts
 12936 | Lair:1   | Noticed Maggie
 12946 | Lair:1   | Killed Maggie
 13033 | Lair:1   | Reached XP level 13. HP: 76/104 MP: 23/25
 14108 | Lair:2   | Acquired 793 gold pieces
 14409 | Lair:2   | Found a hole to the Spider Nest.
 14494 | Lair:2   | Found the +4 robe of Augmentation {Str+4 Int+4 Dex+4}
 14874 | Lair:3   | Found a dark tunnel.
 14991 | Volcano  | Entered a volcano
 15253 | Volcano  | Reached skill level 10 in Armour
 15253 | Volcano  | Reached skill level 10 in Dodging
 15536 | Volcano  | Reached XP level 14. HP: 97/113 MP: 25/27
 16130 | Lair:3   | Reached skill level 10 in Invocations
 16421 | Lair:3   | Found a staircase to the Swamp.
 16932 | Lair:4   | Noticed ShinQuickMan's ghost (journeyman DECj)
 16935 | Lair:4   | Found a transporter.
 17315 | Lair:4   | Found a transporter.
 17353 | Lair:4   | Killed ShinQuickMan's ghost
 17355 | Lair:4   | Received a gift from Trog
 17477 | Lair:4   | Identified the +1 ring mail of Untold Secrets {Will++
                  | Int+4}
 17705 | Lair:5   | Entered Level 5 of the Lair of Beasts
 17893 | Lair:5   | Found a runed translucent door.
 18085 | Lair:5   | Found a staircase to the Slime Pits.
 18651 | Lair:5   | Received a gift from Trog
 18657 | Lair:5   | Reached XP level 15. HP: 115/120 MP: 28/28
 18805 | Lair:5   | Reached skill level 10 in Short Blades
 18805 | Lair:5   | Reached skill level 10 in Long Blades
 18805 | Lair:5   | Reached skill level 10 in Maces & Flails
 18805 | Lair:5   | Reached skill level 10 in Polearms
 18805 | Lair:5   | Reached skill level 10 in Staves
 18805 | Lair:5   | Reached skill level 10 in Ranged Weapons
 18805 | Lair:5   | Reached skill level 10 in Throwing
 18805 | Lair:5   | Reached skill level 10 in Stealth
 18805 | Lair:5   | Reached skill level 10 in Shields
 18805 | Lair:5   | Reached skill level 10 in Unarmed Combat
 18805 | Lair:5   | Reached skill level 10 in Spellcasting
 18805 | Lair:5   | Reached skill level 10 in Evocations
 19856 | D:13     | Found a gate to the Vaults.
 21098 | D:14     | Received a gift from Trog
 21116 | D:14     | Found a runed translucent gate.
 21116 | D:14     | Found a runed translucent gate.
 21153 | D:14     | Found a runed translucent gate.
 21153 | D:14     | Noticed Ylounoac's ghost (journeyman MiBe)
 21166 | D:14     | Killed Ylounoac's ghost
 21355 | D:15     | Entered Level 15 of the Dungeon
 21437 | D:15     | Found a frozen archway.
 21451 | IceCv    | Entered an ice cave
 21486 | IceCv    | Reached XP level 16. HP: 124/129 MP: 30/30
 21734 | IceCv    | Reached skill level 10 in Shapeshifting
 21737 | IceCv    | HP: 6/129 [blizzard demon/bolt of lightning (9)]
 21829 | IceCv    | Mangled by a caustic shrike simulacrum

Illustrated notes

Levels and vault maps discovered:
D:1:      dpeg_arrival_rooms_c, layout_basic
D:2:      layout_basic, serial_shops, nicolae_shop_statue_plus,
          nicolae_shop_crystal, nicolae_shop_behind_doors
D:3:      layout_basic, nicolae_overflow_ecumenical_swirl,
          cheibrodos_sewer_entry_bend, uniq_ijyb
D:4:      layout_basic, mainiacjoe_overflow_alcove_2, slow_altar_2,
          minmay_temple_entry_crystal_x, uniq_natasha
D:5:      layout_loops_corners, serial_shops, nicolae_shop_rolling_square,
          gammafunk_ghost_cemetery, grunt_ministairs_14
D:6:      layout_rooms, serial_aquarium, aquarium_bridge_square
          [aquarium_subvault_bridge, aquarium_subvault_wall,
          aquarium_subvault_wall, aquarium_subvault_bridge],
          aquarium_window_fake, aquarium_window_fake, aquarium_window_fake,
          aquarium_view_2c, aquarium_balcony_double_4, aquarium_pool_2
D:7:      layout_basic, nicolae_wu_jian_glorious_leap, st_stairs_3
D:8:      layout_cave_pools, serial_shops, shop_fountains
D:9:      minmay_opposing_rooms, layout_basic, mainiacjoe_overflow_boulevard
D:10:     layout_long_grid, fedhas_altar_4, due_lair_maze_entry_diamond,
          special_room [special_room_bee], nicolae_shop_sticking_my_neck_out
D:11:     layout_grid_maze
D:12:     layout_rooms, hiddenorc2_lemuel, serial_glass, glass_columns_b,
          glass_columns_c, glass_columns_b, glass_columns_a, glass_columns_a,
          glass_columns_c
D:13:     layout_loops_ring, david_vaults_5
D:14:     layout_loops_ring, ebering_ghost_rock_garden, serial_glass,
          glass_columns_a, glass_columns_a
D:15:     gammafunk_depths_entry_grave, layout_long_grid,
          chequers_serial_rivers_micro_d, portal_ice_cave_entry_ugly_swarm
Lair:1:   layout_roguey, uniq_maggie
Lair:2:   layout_roguey, nicolae_spider_entry_non_spiders
Lair:3:   layout_roguey, nicolae_swamp_entry_splash_gauntlet,
          nicolae_volcano_entry_lava_flow, infiniplex_staircase_pool
Lair:4:   layout_cave_pods, serial_bayou, serial_bayou_lagoon_a,
          serial_bayou_shore_b, serial_bayou_pond_d, serial_bayou_pond_a,
          gammafunk_ghost_arena, infiniplex_staircase_pool_2
Lair:5:   minmay_lair_end_enchanted_forest, layout_cave_pods, slime_entry_2,
          roderic_batcave, st_stairs_13, grunt_megastairs_3,
          serial_bayou_shore_b, serial_bayou_shore_b
IceCv:    ice_cave_caverns_02

Skill      XL: |  1  2  3  4  5  6  7  8  9 10 11 12 13 14 15 16 |
---------------+-------------------------------------------------+-----
Invocations    | 1 2 3 4 5 6 7 8 9 10 11 | 11.8
Short Blades   | 1 2 3 4 6 8 9 10 | 10.9
Long Blades    | 1 2 3 4 6 8 9 10 | 10.9
Maces & Flails | 1 2 3 4 6 8 9 10 | 10.9
Polearms       | 1 2 3 4 6 8 9 10 | 10.9
Staves         | 1 2 3 4 6 8 9 10 | 10.9
Ranged Weapons | 1 2 3 4 6 8 9 10 | 10.9
Throwing       | 1 2 3 4 6 8 9 10 | 10.9
Stealth        | 1 2 3 4 6 8 9 10 | 10.9
Shields        | 1 2 3 4 6 8 9 10 | 10.9
Unarmed Combat | 1 2 3 4 6 8 9 10 | 10.9
Spellcasting   | 1 2 3 4 6 8 9 10 | 10.9
Evocations     | 1 2 3 4 6 8 9 10 | 10.9
Shapeshifting  | 1 2 3 4 5 6 7 8 9 10 | 10.0
Conjurations   | 1 2 3 4 5 6 7 8 9 |  9.2
Hexes          | 1 2 3 4 5 6 7 8 9 |  9.2
Summonings     | 1 2 3 4 5 6 7 8 9 |  9.2
Necromancy     | 1 2 3 4 5 6 7 8 9 |  9.2
Translocations | 1 2 3 4 5 6 7 8 9 |  9.2
Transmutations | 1 2 3 4 5 6 7 8 9 |  9.2
Fire Magic     | 1 2 3 4 5 6 7 8 9 |  9.2
Ice Magic      | 1 2 3 4 5 6 7 8 9 |  9.2
Air Magic      | 1 2 3 4 5 6 7 8 9 |  9.2
Earth Magic    | 1 2 3 4 5 6 7 8 9 |  9.2
Poison Magic   | 1 2 3 4 5 6 7 8 9 |  9.2
Armour         | 5 6 7 8 9 10 11 | 11.8
Dodging        | 5 6 7 8 9 10 11 | 11.8
Fighting       | 7 8 9 10 11 12 | 12.6
Axes           | 7 8 9 10 11 12 | 12.6

Action                     |  1- 3 |  4- 6 |  7- 9 | 10-12 | 13-15 | 16-18 || total
---------------------------+-------+-------+-------+-------+-------+-------++-------
  Melee: Hand axe          |    99 |   182 |       |       |       |       ||   281
         Bite              |     4 |    16 |    39 |    71 |   104 |    14 ||   248
         Punch             |     1 |     2 |     6 |       |       |       ||     9
         War axe           |       |       |   297 |   506 |       |       ||   803
         Falchion          |       |       |       |     7 |       |       ||     7
         Morningstar       |       |       |       |    17 |   274 |       ||   291
         Broad axe         |       |       |       |       |   544 |    72 ||   616
  Throw: Dart              |       |       |       |     2 |     7 |       ||     9
         Boomerang         |       |       |       |     3 |    34 |    13 ||    50
 Invoke: Trog's Hand       |     1 |     2 |     1 |     1 |     3 |     1 ||     9
         Berserk           |       |     3 |     5 |    10 |    10 |     2 ||    30
  Evoke: Wand              |       |       |       |     1 |     2 |     8 ||    11
    Use: Scroll            |     9 |       |     8 |    12 |     9 |       ||    38
         Potion            |       |       |       |       |       |     5 ||     5
   Stab: Distracted        |       |       |       |       |     1 |       ||     1
         Sleeping          |       |       |       |       |     1 |       ||     1
 Armour: Animal skin       |    14 |       |       |       |       |       ||    14
         Ring mail         |    27 |    17 |       |       |       |       ||    44
         Chain mail        |       |    64 |   188 |   167 |   299 |    57 ||   775
  Dodge: Dodged            |    59 |    61 |    91 |   159 |   275 |    27 ||   672
  Block: Other             |       |    32 |    38 |       |       |       ||    70
         Reflection        |       |     3 |     7 |    12 |    13 |       ||    35
         Kite shield       |       |       |    65 |   509 |   775 |    75 ||  1424

Table legend: (Time is in decaauts)
 A = Elapsed time spent in this place.
 B = Non-inter-level travel time spent in this place.
 C = Inter-level travel time spent in this place.
 D = Time resting spent in this place.
 E = Time spent auto-exploring this place.
 F = Levels seen in this place.
 G = Mean time per level.
                   A        B        C        D        E       F      G
               +--------+--------+--------+--------+--------+-----+--------+
         Total |  22460 |  20691 |   1769 |   1787 |  13845 |  23 |  976.5 |
       Dungeon |  14088 |  12659 |   1429 |    875 |   8932 |  15 |  939.2 |
          Lair |   5890 |   5550 |    340 |    390 |   3923 |   5 | 1178.0 |
         Sewer |   1140 |   1140 |      0 |    164 |    529 |   1 | 1140.0 |
      Ice Cave |    393 |    393 |      0 |    107 |     74 |   1 |  393.0 |
       Volcano |    947 |    947 |      0 |    249 |    386 |   1 |  947.0 |
               +--------+--------+--------+--------+--------+-----+--------+

Top non-repeatable levels by time:
  Lair:5: 1659 daAuts
     D:9: 1418 daAuts
     D:5: 1406 daAuts
     D:4: 1403 daAuts
     D:3: 1286 daAuts
    D:10: 1154 daAuts
   Sewer: 1140 daAuts
  Lair:2: 1101 daAuts
  Lair:3: 1084 daAuts
  Lair:4: 1048 daAuts
    D:12: 1023 daAuts
  Lair:1: 995 daAuts
    D:13: 964 daAuts
 Volcano: 947 daAuts
     D:6: 859 daAuts
